Map: Mothership LE

Players

Tsorg

  • Race: Terran Terran
  • League: Bronze
  • Spawn Location: 1:00

GhostRobo - Winner!

  • Race: Terran Terran
  • Spawn Location: 9:00

VOD

Have the link to the VOD?

Description

Time

  • Played on: Dec. 8, 2025, 11:38 a.m.
  • Length: 34:23
Show
View Real Time Build Order
Export as new Build Order

Tsorg Terran 

Build Orders:  

Get SALT Encoding   

  12  0:01  SCV  
  13  0:25  Supply Depot  
  13  0:36  SCV  
  14  0:48  Supply Depot  
  14  1:11  Supply Depot  
  14  1:13  Command Center  
  14  1:19  SCV  
  15  1:31  SCV  
  16  1:38  Barracks  
  16  1:43  SCV  
  16  1:44  Refinery  
  17  1:51  Refinery  
  17  1:56  SCV  
  18  2:10  SCV  
  19  2:22  SCV  
  20  2:46  Barracks Reactor  
  20  3:05  Factory  
  20  3:07  SCV  
  21  3:14  SCV  
  23  3:20  SCV  
  23  3:26  SCV  
  24  3:27  Reaper  
  24  3:28  Reaper  
  24  3:32  SCV  
  27  3:44  SCV  
  28  3:55  Factory Tech Lab  
  28  3:56  SCV  
  29  4:06  Reaper, Starport  
  29  4:08  Marine, SCV  
  32  4:20  SCV  
  32  4:23  Refinery  
  33  4:26  Marine  
  33  4:28  Refinery  
  34  4:32  SCV  
  35  4:38  Marine  
  35  4:39  Siege Tank  
  35  4:44  Marine, SCV  
  41  4:50  Liberator  
  44  4:56  Marine, SCV  
  46  5:01  Marine  
  46  5:04  Supply Depot  
  47  5:08  SCV  
  48  5:14  Marine  
  49  5:27  Supply Depot  
  49  5:30  Siege Tank  
  52  5:38  Liberator  
  55  5:50  Supply Depot  
  55  6:02  Siege Tank  
  58  6:05  Starport  
  58  6:12  Supply Depot  
  58  6:19  Reaper x2  
  60  6:35  Supply Depot, Starport Tech Lab  
  60  6:49  Fusion Core  
  60  6:51  Reaper  
  61  6:54  Hyperflight Rotors  
  61  6:58  Starport Reactor, Supply Depot  
  61  7:04  Banshee  
  64  7:30  Engineering Bay  
  64  7:47  Banshee  
  64  7:51  Viking x2  
  71  8:17  Reaper x2  
  73  8:21  Viking  
  75  8:49  Reaper  
  74  8:55  Command Center  
  70  9:10  Battlecruiser  
  76  9:24  Viking  
  78  9:28  Viking  
  80  9:49  Orbital Command  
  80  10:04  Missile Turret  
  80  10:14  Battlecruiser  
  86  10:24  Missile Turret  
  86  10:29  Missile Turret  
  86  10:43  Missile Turret  
  86  10:49  Missile Turret  
  86  10:50  Ghost Academy  
  86  10:53  Viking x2  
  90  11:01  Marine  
  90  11:02  Marine, Missile Turret  
  92  11:09  Missile Turret  
  92  11:19  Marine x2  
  92  11:22  Missile Turret  
  92  11:23  Viking x2  
  98  11:29  SCV, Missile Turret  
  99  11:37  Marine x2  
  101  11:41  SCV  
  101  11:44  Missile Turret  
  102  11:49  Missile Turret  
  102  11:52  Viking  
  102  11:53  SCV, Viking  
  107  12:06  Supply Depot  
  107  12:08  Missile Turret  
  107  12:13  Battlecruiser  
  113  12:27  Reaper  
  113  12:28  Reaper, Missile Turret  
  113  12:29  Supply Depot  
  115  12:39  Viking  
  115  12:40  Viking  
  119  12:48  Missile Turret  
  119  12:51  Supply Depot  
  119  12:59  Reaper  
  119  13:00  Reaper  
  121  13:09  Viking, Missile Turret  
  121  13:10  Viking  
  125  13:14  Supply Depot  
  125  13:17  Battlecruiser  
  131  13:28  Missile Turret  
  120  13:36  Supply Depot  
  119  13:48  Missile Turret  
  119  14:09  Missile Turret  
  119  14:21  Viking x2  
  123  14:29  Missile Turret  
  123  14:48  Missile Turret  
  123  14:51  Viking x2  
  127  15:08  Missile Turret  
  127  15:21  Viking x2  
  101  15:51  Viking x2  
  105  15:59  Battlecruiser  
  111  16:20  Viking  
  111  16:21  Viking  
  115  16:42  Command Center  
  115  16:50  Viking  
  115  16:51  Viking  
  119  17:30  Battlecruiser  
  125  18:33  Viking x2  
  116  19:03  Viking x2  
  114  19:33  Battlecruiser, Viking x2  
  122  20:03  Viking  
  88  21:06  Refinery  
  88  21:11  Refinery  
  88  21:30  Viking x2  
  80  22:00  Viking x2  
  84  22:04  Battlecruiser  
  90  22:30  Viking x2  
  94  23:00  Viking x2  
  98  23:14  Reaper x2  
  100  23:28  Battlecruiser  
  106  23:36  Viking  
  106  23:39  Viking  
  110  23:46  Reaper x2  
  111  24:13  Orbital Command  
  111  24:18  Reaper x2  
  113  24:32  Battlecruiser  
  113  24:50  Reaper x2  
  110  24:55  SCV  
  104  25:07  SCV  
  105  25:19  SCV  
  106  25:40  Viking x2  
  110  26:10  Viking x2  
  94  26:40  Viking x2  
  92  27:10  Viking x2  
  96  27:16  Refinery  
  96  27:22  Refinery  
  96  27:23  SCV  
  97  27:35  SCV  
  98  27:40  Viking x2  
  102  27:47  SCV  
  103  28:00  SCV  
  104  28:12  SCV  
  105  28:24  SCV  
  106  28:36  SCV  
  107  28:44  Reaper x2  
  107  28:48  SCV  
  110  29:00  SCV  
  111  29:16  Reaper x2  
  113  29:41  Viking  
  113  29:42  Viking  
  117  29:47  Command Center  
  117  29:48  Reaper x2  
  119  30:10  Viking  
  119  30:12  Viking  
  107  30:59  Viking  
  107  31:00  Viking  
  111  31:07  SCV  
  111  31:08  Refinery  
  112  31:20  SCV  
  113  31:29  Viking  
  113  31:30  Viking  
  113  31:32  SCV  
  118  31:44  SCV  
  119  31:56  SCV  
  119  31:59  Viking  
  119  32:00  Viking  
  124  32:05  Refinery  
  124  32:08  SCV  
  125  32:20  SCV  
  126  32:29  Viking  
  127  32:32  SCV  
  124  32:44  SCV  
Show
View Real Time Build Order
Export as new Build Order

GhostRobo Terran - Winner!

Build Orders:  

Get SALT Encoding   

  12  0:02  SCV  
  14  0:14  SCV  
  14  0:28  Supply Depot, SCV  
  15  0:49  SCV  
  16  0:53  Barracks  
  16  1:01  SCV  
  17  1:23  Refinery  
  17  1:28  SCV  
  18  1:40  SCV  
  18  1:44  Command Center  
  19  1:52  SCV  
  20  2:04  Supply Depot  
  20  2:09  SCV  
  21  2:21  SCV  
  22  2:31  Bunker  
  22  2:33  SCV  
  23  2:45  SCV  
  23  2:51  Barracks Reactor  
  24  2:57  SCV  
  25  3:14  Factory  
  25  3:18  Engineering Bay  
  25  3:30  SCV  
  25  3:32  SCV  
  27  3:42  SCV  
  27  3:44  SCV  
  27  3:45  Barracks  
  27  3:46  Marine x2  
  31  3:52  Terran Infantry Weapons Level 1  
  31  3:54  SCV  
  32  3:56  Supply Depot, SCV  
  33  4:03  Marine  
  33  4:04  Marine  
  33  4:08  SCV  
  33  4:09  Factory Tech Lab  
  36  4:18  Starport  
  36  4:19  Supply Depot  
  36  4:20  SCV  
  36  4:21  Marine x2  
  39  4:32  SCV  
  39  4:33  SCV  
  41  4:39  Marine x2  
  41  4:41  Refinery  
  41  4:44  SCV  
  41  4:45  SCV  
  45  4:48  Barracks Reactor  
  45  4:56  SCV  
  45  4:57  SCV  
  47  5:01  Starport Reactor  
  47  5:08  SCV  
  48  5:25  Siege Tank  
  51  5:39  Starport  
  51  5:43  Marine x2  
  53  5:53  SCV  
  54  6:01  Marine x2  
  56  6:05  SCV  
  57  6:15  Factory  
  57  6:17  SCV  
  58  6:19  Marine x2  
  60  6:29  SCV  
  60  6:31  Starport Tech Lab  
  61  6:40  SCV  
  61  6:45  Refinery  
  62  6:48  Refinery  
  62  7:00  Command Center  
  62  7:07  Supply Depot  
  62  7:13  Supply Depot  
  62  7:28  SCV, Medivac  
  65  7:31  Supply Depot  
  65  7:33  Factory Tech Lab, Barracks  
  65  7:36  Supply Depot  
  65  7:38  Armory  
  65  7:41  SCV  
  65  7:42  Ghost Academy  
  66  7:52  Barracks  
  66  7:54  Supply Depot  
  66  7:56  Infernal Pre-Igniter  
  66  7:59  Supply Depot  
  66  8:01  Medivac x2  
  70  8:09  Marine  
  70  8:10  Marine  
  72  8:12  Marine  
  72  8:13  Marine  
  72  8:17  Supply Depot  
  74  8:26  Thor  
  80  8:27  Marine x2  
  80  8:30  Marine  
  80  8:31  Medivac x2  
  87  8:39  Supply Depot  
  87  8:45  Marine  
  87  8:47  Sensor Tower  
  87  9:00  Barracks Tech Lab  
  87  9:10  SCV  
  87  9:12  Barracks Tech Lab  
  88  9:20  Stimpack  
  88  9:22  SCV  
  89  9:24  Marauder  
  91  9:41  Thor  
  97  9:46  Marauder  
  97  9:47  SCV  
  100  9:59  SCV  
  101  10:02  Marine x2  
  103  10:07  Marauder  
  103  10:11  SCV  
  106  10:20  Marine x2  
  108  10:23  Widow Mine, SCV  
  108  10:28  Ghost  
  113  10:35  SCV  
  114  10:37  Marine  
  114  10:38  Marine  
  116  10:44  Widow Mine  
  118  10:56  Marine x4  
  122  10:57  Ghost  
  122  10:59  Siege Tank  
  127  11:05  Widow Mine  
  129  11:27  Widow Mine  
  129  11:28  Refinery  
  129  11:31  Siege Tank  
  134  11:35  Refinery  
  134  11:48  Siege Tank  
  137  12:28  Orbital Command  
  137  12:43  Marine x2  
  137  12:44  Marine  
  140  13:22  Thor  
  140  13:23  Siege Tank  
  137  13:55  Siege Tank  
  106  14:01  Banshee  
  108  14:05  Thor  
  108  14:07  Medivac x2  
  118  14:15  Nuke  
  118  14:26  Supply Depot, Thor  
  118  14:30  Fusion Core  
  124  14:35  Supply Depot  
  124  14:37  Medivac  
  126  14:38  Supply Depot  
  129  14:48  Thor  
  121  15:46  Supply Depot  
  121  15:47  Supply Depot  
  121  15:49  Supply Depot  
  121  15:53  Supply Depot  
  121  15:54  Supply Depot  
  121  16:06  Starport  
  121  16:11  Siege Tank, SCV  
  125  16:14  Marine x2, Thor  
  125  16:15  Marine  
  134  16:23  SCV  
  135  16:33  Orbital Command  
  135  16:35  SCV  
  136  16:43  Siege Tank  
  139  17:12  Starport Tech Lab  
  139  17:17  Starport  
  139  17:21  Supply Depot  
  139  17:26  Supply Depot x2, Weapon Refit  
  139  17:31  Supply Depot  
  139  17:32  Supply Depot  
  139  17:42  Thor  
  139  17:43  Command Center, Siege Tank  
  148  17:50  Marine  
  148  17:51  Marine x2  
  151  17:57  Battlecruiser  
  157  18:02  Viking  
  150  18:32  Terran Infantry Armor Level 1  
  150  18:35  Planetary Fortress  
  144  18:54  Thor  
  139  19:01  Battlecruiser  
  113  19:12  Viking x2  
  113  19:13  Marine x3  
  120  19:37  Siege Tank  
  123  19:42  Viking  
  125  19:57  Marine  
  125  19:58  Marine x2  
  128  20:06  Battlecruiser  
  134  20:09  Siege Tank  
  93  20:41  Siege Tank  
  90  20:52  Armory  
  90  21:06  Marine x4  
  90  21:10  Battlecruiser  
  100  21:14  Siege Tank  
  100  21:15  Medivac x2  
  107  21:23  Marine  
  107  21:24  Marine x3  
  111  21:29  SCV  
  112  21:41  Marine x2, SCV  
  112  21:42  Marine x2  
  112  21:45  Medivac x2  
  112  21:46  Siege Tank  
  124  21:53  SCV  
  113  21:59  Marine x3  
  113  22:00  Marine  
  117  22:05  SCV  
  118  22:14  Battlecruiser  
  118  22:15  Viking x2  
  128  22:18  Siege Tank  
  131  22:25  Refinery  
  131  22:26  Planetary Fortress  
  131  22:27  Refinery  
  131  22:38  Marine x4  
  135  22:45  Viking  
  135  22:50  Siege Tank  
  140  23:10  Viking  
  140  23:11  Marine x3  
  140  23:12  Marine  
  146  23:26  Supply Depot  
  146  23:28  Supply Depot  
  146  23:29  Marine x2  
  146  23:30  Supply Depot  
  148  23:34  Supply Depot  
  148  23:35  Supply Depot  
  148  23:37  Supply Depot  
  148  23:39  Supply Depot  
  148  23:47  Marine x2, Battlecruiser  
  156  23:49  Marine x2, Thor  
  164  24:05  Marine x2  
  164  24:07  Marine x2  
  168  24:22  Marine  
  169  24:25  Marine  
  170  24:32  Thor  
  161  24:51  Battlecruiser  
  93  25:15  Thor  
  99  25:34  Command Center  
  99  25:37  Marine x3  
  102  25:55  Refinery  
  102  25:56  Battlecruiser  
  108  25:58  Refinery, Thor  
  101  26:20  Marine x3  
  98  26:40  Thor  
  104  26:49  Marine  
  104  26:50  Marine  
  106  27:00  Battlecruiser  
  106  27:01  Starport Tech Lab  
  112  27:18  Command Center  
  112  27:23  Thor  
  118  27:38  Terran Ship Weapons Level 1  
  118  27:41  Terran Infantry Armor Level 2  
  118  28:04  Battlecruiser  
  124  28:06  Thor  
  130  28:14  Viking  
  130  28:15  Viking  
  134  28:22  Refinery  
  134  28:24  Refinery  
  134  28:49  Thor  
  140  29:11  SCV  
  141  29:23  SCV  
  142  29:32  Thor  
  142  29:35  SCV  
  149  29:39  Ghost Academy  
  149  29:43  Factory  
  149  29:45  Starport  
  149  29:47  SCV  
  150  30:00  SCV  
  151  30:14  Thor  
  147  30:48  Battlecruiser x2, Viking x2  
  163  30:51  Nuke  
  163  30:57  Siege Tank  
  163  31:03  Ghost  
  168  31:25  Factory Tech Lab  
  168  31:29  Thor  
  174  32:10  Marine x4  
  174  32:12  Thor x2  
  190  32:16  Viking  
  192  32:28  Marine x4  
  174  32:46  Marine x4  
  161  32:55  Thor x2  
  159  33:03  Marine  
  159  33:04  Marine x3  
  123  33:21  Marine x3  
  123  33:22  Marine  
  109  33:38  Siege Tank, Thor  
  109  33:39  Marine x4  
  105  33:57  Marine x3  
  105  34:00  Marine  
Tags
 
League
Bronze
Matchup
TvT
Race
Terran
Spawn Locations
Cross Positions
Add a new tag
Caveats
  • Supply blocks, unpowered buildings, or Contaminate may cause inaccurate times.
  • Supply counts are checked every 10 seconds.